AoeStats
← Infadel

Arabia

508556247Analyzed
1v1 RM · 10d ago on Sep 23, 2026· 37m 58s· 2 players
Game mode
Random Map
Map size
Tiny (2 player)
Population
200
Speed
Normal
Resources
Standard
Victory
Conquest
Starting age
Dark Age
Ending age
Imperial Age
RankedLock teamsTeams togetherTeam positionsShared explorationLock speedFull tech treeHidden civsTurbo modeCheats
Victory
Defeat
🇮🇳 Vikings · India
1095
+17
🇦🇷 Lithuanians · Argentina
1121
-17
Infadel
9:36 Feudal Age
7:52 Loom
10:10 Double-Bit Axe
19:09 Gold Mining
21:20 Castle Age
20:00 Forging
19:51 Scale Mail Armor
22:42 Bow Saw
24:21 Iron Casting
27:41 Chain Mail Armor
31:27 Town Watch
profe de geografia
7:33 Loom
10:11 Feudal Age
21:39 Castle Age
19:51 Gold Mining
20:05 Double-Bit Axe
20:17 Horse Collar
21:50 Wheelbarrow
22:53 Fervor
22:45 Town Watch
27:16 Scale Barding Armor
27:02 Fletching
27:20 Scale Barding Armor
28:35 Stone Mining
32:13 Bloodlines
33:27 Forging
34:39 Chain Barding Armor
34:15 Bodkin Arrow
34:43 Chain Barding Armor
34:29 Heavy Plow
35:15 Husbandry
39:29 Imperial Age
Connection lost

Rejoining the realm…

Still unreachable

The connection could not be restored.

Session expired

The server has moved on; the page needs a fresh start.